AoeStats
← chenya_ko

Arabian Desert

509799299Analyzed
1v1 RM · 5d ago on Sep 28, 2026· 32m 0s· 2 players
Game mode
Random Map
Map size
Tiny (2 player)
Population
200
Speed
Normal
Resources
Standard
Victory
Conquest
Starting age
Dark Age
Ending age
Imperial Age
RankedLock teamsTeams togetherTeam positionsShared explorationLock speedFull tech treeHidden civsTurbo modeCheats
Victory
Defeat
🇺🇸 Varangians · United States
1137
+15
🇹🇼 Japanese · Taiwan
1125
-15
chenya_ko
1:23 Loom
10:14 Feudal Age
10:27 Man-at-Arms
12:20 Double-Bit Axe
16:39 Fletching
19:06 Padded Archer Armor
21:26 Wheelbarrow
27:31 Castle Age
26:45 Arson
27:02 Scale Mail Armor
29:56 Forging
32:13 Gold Mining
Vule_Xyrashue
6:45 Loom
9:01 Feudal Age
9:22 Man-at-Arms
14:23 Fletching
17:08 Double-Bit Axe
24:20 Castle Age
22:30 Padded Archer Armor
22:23 Gold Mining
22:35 Horse Collar
25:17 Wheelbarrow
24:24 Crossbowman
25:03 Bodkin Arrow
28:52 Heavy Plow
29:14 Bow Saw
30:28 Forging
30:23 Scale Barding Armor
31:38 Bloodlines
30:49 Light Cavalry
31:30 Husbandry
32:09 Iron Casting
Connection lost

Rejoining the realm…

Still unreachable

The connection could not be restored.

Session expired

The server has moved on; the page needs a fresh start.